 Dungeon Crawl Stone Soup version 0.28.0-53-g5a82cb258f (webtiles) character file.

Game seed: 15171990472370675001

2478 Godmorgon the Basher (level 9, -4/82 HPs)
             Began as a Minotaur Fighter on Aug 14, 2022.
             Was a Follower of Okawaru.
             Slain by an orc warrior
             ... wielding a +0 battleaxe
              (15 damage)
             ... on level 7 of the Dungeon.
             The game lasted 00:18:34 (7086 turns).

Godmorgon the Basher (Minotaur Fighter)             Turns: 7086, Time: 00:18:34

Health: -4/82      AC: 13    Str: 24    XL:     9   Next: 27%
Magic:  8/8        EV:  7    Int:  5    God:    Okawaru [*.....]
Gold:   303        SH:  4    Dex: 11    Spells: 8/8 levels left

rFire   . . .      SeeInvis .   a - +3 mace
rCold   . . .      Faith    .   c - +0 buckler
rNeg    + . .      Spirit   .   n - +0 chain mail
rPois   .          Reflect  .   (helmet restricted)
rElec   .          Harm     .   w - +0 cloak
rCorr   .          Rampage  .   h - +0 pair of gloves
Will    .....                   D - +1 pair of boots {Stlth+}
Stlth   ..........              (no amulet)
HPRegen 0.23/turn               p - ring of positive energy
MPRegen 0.11/turn               (no ring)

@: mighty
A: horns 2, retaliatory headbutt
a: Renounce Religion, Heroism


You were on level 7 of the Dungeon.
You worshipped Okawaru.
Okawaru was aware of your devotion.
You visited 2 branches of the dungeon, and saw 8 of its levels.

You collected 303 gold pieces.

Inventory:

Hand Weapons
 a - a +3 mace (weapon)
 t - a +0 morningstar
Missiles
 g - 8 poisoned darts (quivered)
 m - 2 boomerangs
 o - a throwing net
Armour
 c - a +0 buckler (worn)
 h - a +0 pair of gloves (worn)
 n - a +0 chain mail (worn)
 w - a +0 cloak (worn)
 y - a +10 plate armour of ponderousness
 D - a +1 pair of boots of stealth (worn)
Jewellery
 p - a ring of positive energy (left hand)
Wands
 b - a wand of paralysis (9)
 l - a wand of polymorph (21)
 v - a wand of flame (29)
Scrolls
 f - a scroll of torment {unknown}
 i - a scroll of noise {unknown}
 k - 3 scrolls of fog
 q - a scroll of silence
 r - 3 scrolls of teleportation
 x - a scroll of magic mapping {unknown}
 z - a scroll of enchant weapon {unknown}
 A - a scroll of immolation {unknown}
 B - a scroll of fear {unknown}
 C - a scroll of enchant armour {unknown}
Potions
 d - a potion of lignification {unknown}
 e - a potion of curing {unknown}
 j - a potion of berserk rage {unknown}
 s - a potion of might
 u - a potion of ambrosia {unknown}


   Skills:
 + Level 8.4 Fighting
 * Level 11.0 Maces & Flails
 - Level 6.0 Throwing
 - Level 3.6 Armour
 - Level 3.6 Shields


You had 8 spell levels left.
You didn't know any spells.
Your spell library was empty.

Dungeon Overview and Level Annotations

Branches:
Dungeon (7/15)             Temple (1/1) D:6

Altars:
Cheibriados
Dithmenos
Gozag
Hepliaklqana
Kikubaaqudgha
Makhleb
Nemelex Xobeh
Okawaru
Qazlal
Ru
Sif Muna
Trog
Uskayaw
Vehumet
Wu Jian
Xom
Yredelemnul
The Shining One

Shops:
D:6 :


Innate Abilities, Weirdness & Mutations

You have a pair of horns on your head.
You reflexively headbutt those who attack you in melee.


Message History

The orc hits you but does no damage.
You barely miss the orc warrior. Your headbutt misses the orc warrior.
The orc warrior is severely wounded.
The orc warrior hits you with a +0 battleaxe!
The orc hits you but does no damage.
You are too injured to fight recklessly!
You are too injured to fight recklessly!
You are too injured to fight recklessly!
You are too injured to fight recklessly!
You are too injured to fight recklessly!
You are too injured to fight recklessly!
You are too injured to fight recklessly!
You are too injured to fight recklessly!
You are too injured to fight recklessly!
You are too injured to fight recklessly!
You are too injured to fight recklessly!
You are too injured to fight recklessly!
You are too injured to fight recklessly!
You are too injured to fight recklessly!
You are too injured to fight recklessly!
You are too injured to fight recklessly!
The orc priest mumbles some strange prayers to Beogh against you.
Beogh smites you!
You closely miss the orc warrior.
The orc warrior is severely wounded.
You block the orc warrior's attack.
The orc priest mumbles some strange prayers to Beogh against you.
Beogh smites you!
* * * LOW HITPOINT WARNING * * *
You closely miss the orc warrior.
The orc warrior is severely wounded.
The orc warrior barely misses you. You furiously retaliate!
You headbutt the orc warrior, but do no damage.
The orc priest casts a cantrip, but nothing happens.
The orc priest calls down the wrath of Beogh upon you.
Beogh smites you!
* * * LOW HITPOINT WARNING * * *
You feel very mighty all of a sudden.
The orc warrior hits you with a +0 battleaxe!
You die...

# #<# #.# # #.#
#.# #.# #.# #.#
#.. #.# ### #.#
#.#
#.#############
#>.@oo..o......
########...####
....# (..##
..## .## .# .#


You could see an orc warrior, an orc priest and an orc.

Vanquished Creatures
  A naga (D:4)
  2 orc warriors
  2 necrophages
  A centaur (D:5)
  An ogre (D:5)
  A phantom (D:5)
  3 bullfrogs
  3 scorpions
  A water moccasin zombie (D:5)
  2 wyvern skeletons (D:6)
  5 wights (D:3)
  A howler monkey (D:7)
  2 centaur zombies
  A jelly (D:5)
  5 hounds
  4 orc priests
  Crazy Yiuf (D:5)
  Jessica (D:2)
  2 bullfrog skeletons
  2 iguanas
  8 orc wizards
  A hound skeleton (D:4)
  A howler monkey zombie (D:5)
  3 gnolls (D:4)
  8 adders
  2 shadow imps
  An ufetubus (D:7)
  2 worms
  4 dart slugs
  27 orcs
  2 endoplasms (D:4)
  4 giant cockroaches
  8 goblins
  10 hobgoblins
  7 jackals
  4 quokkas
  7 ball pythons
  5 bats
  3 frilled lizards
  4 kobolds
  3 rats
155 creatures vanquished.

Notes
Turn   | Place    | Note
-------+----------+-------------------------------------------
     0 | D:1      | Godmorgon the Minotaur Fighter began the quest for the Orb.
     0 | D:1      | Reached XP level 1. HP: 19/19 MP: 0/0
    55 | D:1      | Reached skill level 3 in Maces & Flails
    59 | D:1      | Reached XP level 2. HP: 27/27 MP: 1/1
   715 | D:2      | Reached XP level 3. HP: 31/33 MP: 2/2
   841 | D:2      | Reached skill level 4 in Maces & Flails
  1109 | D:2      | Noticed Jessica
  1118 | D:2      | Killed Jessica
  1119 | D:2      | Reached XP level 4. HP: 26/41 MP: 3/3
  1548 | D:2      | Found a faded altar of an unknown god.
  1548 | D:2      | Noticed a smoke demon
  1855 | D:3      | Reached skill level 5 in Maces & Flails
  1855 | D:3      | Reached XP level 5. HP: 40/47 MP: 4/4
  1856 | D:3      | Reached skill level 5 in Fighting
  1859 | D:3      | Reached skill level 6 in Maces & Flails
  1868 | D:3      | Reached XP level 6. HP: 8/56 MP: 5/5
  2524 | D:4      | Reached skill level 7 in Maces & Flails
  2564 | D:4      | Reached skill level 1 in Throwing
  3115 | D:4      | Noticed a naga
  3115 | D:4      | an ogre changed into a naga
  3289 | D:4      | Reached XP level 7. HP: 56/63 MP: 6/6
  3555 | D:4      | Found a shimmering altar of Xom.
  3937 | D:5      | Entered Level 5 of the Dungeon
  3963 | D:5      | Reached skill level 8 in Maces & Flails
  4338 | D:5      | Reached XP level 8. HP: 49/71 MP: 7/7
  4670 | D:5      | Found a runed translucent door.
  4671 | D:5      | Noticed Crazy Yiuf
  4677 | D:5      | Killed Crazy Yiuf
  4770 | D:5      | Found an iron altar of Okawaru.
  4774 | D:5      | Became a worshipper of Warmaster Okawaru
  4782 | D:5      | Reached skill level 9 in Maces & Flails
  5016 | D:5      | Reached skill level 5 in Throwing
  5163 | D:5      | Reached * piety under Okawaru
  5642 | D:6      | Reached skill level 10 in Maces & Flails
  5807 | D:6      | Found a staircase to the Ecumenical Temple.
  5816 | D:6      | Reached XP level 9. HP: 64/81 MP: 8/8
  5824 | Temple   | Entered the Ecumenical Temple
  6021 | D:6      | Found Yvuk's Book Boutique.
  6991 | D:7      | Reached skill level 11 in Maces & Flails
  7086 | D:7      | Slain by an orc warrior

Illustrated notes

Levels and vault maps discovered:
D:1:      dpeg_arrival_shelter, layout_rooms, grunt_decor_clamped
D:2:      layout_basic, dreamdust_ecumenical_altar_sealed_demon, uniq_jessica
D:3:      kennysheep_big_flooded_room, layout_basic, serial_glass,
          glass_columns_b, glass_columns_b, glass_columns_a, glass_columns_a,
          kennysheep_generic_room_11
D:4:      layout_loops_ring, mainiacjoe_overflow_paths
D:5:      layout_basic, marbit_many_paths, uniq_crazy_yiuf_cottage
D:6:      layout_loops_corners, minmay_temple_entry_proselytizer, serial_shops,
          kennysheep_mini_moat
D:7:      layout_loops_ring, serial_shops, kennysheep_mini,
          kennysheep_minor_cross, chequers_serial_rivers_room_a
Temple:   kb_temple_of_zot

Skill      XL: |  1  2  3  4  5  6  7  8  9 |
---------------+----------------------------+-----
Maces & Flails | 3 4 5 6 7 8 10 11 | 11.0
Fighting       | 4 5 6 7 8 |  8.4
Throwing       | 1 3 6 |  6.0
Armour         | |  3.6
Shields        | |  3.6

Action                   |  1- 3 |  4- 6 |  7- 9 || total
-------------------------+-------+-------+-------++-------
Melee: Flail             |    79 |    49 |       ||   128
       Headbutt          |    13 |    18 |    52 ||    83
       Mace              |       |    79 |   239 ||   318
Throw: Dart              |       |       |     4 ||     4
       Boomerang         |       |       |     1 ||     1
Evoke: Wand              |       |     1 |       ||     1
  Use: Potion            |       |     1 |     1 ||     2
       Scroll            |       |       |     6 ||     6
Armor: Scale mail        |    42 |    61 |       ||   103
       Chain mail        |       |     9 |   134 ||   143
Dodge: Dodged            |    39 |    40 |    73 ||   152
Block: Buckler           |    20 |    22 |    35 ||    77
